 Dungeon Sprint DCSS version 0.21.1-1-g345015f (webtiles) character file.

6846 Fang the Severer (level 11, -3/78 HPs)
             Began as a Gargoyle Berserker on June 27, 2018.
             Was a High Priest of Trog.
             Slain by an 11-headed hydra (6 damage)
             ... in the Dungeon (Sprint VII: "The Pits").
             The game lasted 00:05:41 (1423 turns).

Fang the Severer (Gargoyle Berserker)               Turns: 1423, Time: 00:05:42

Health: -3/78      AC: 18    Str: 23    XL:     11   Next: 6%
Magic:  3/3        EV: 15    Int:  9    God:    Trog [*****.]
Gold:   0          SH:  0    Dex:  9    Spells: 10/10 levels left

rFire    . . .     SeeInvis .   v - +6 executioner's axe (antimagic)
rCold    . . .     Gourm    .   (shield currently unavailable)
rNeg     + . .     Faith    .   x - +2 robe {MR+}
rPois    ∞         Spirit   .   (no helmet)
rElec    +         Reflect  .   (no cloak)
rCorr    .         Harm     .   (no gloves)
MR       +....     NoTele   +   (no boots)
Stlth    ++........             (no amulet)
HPRegen  0.23/turn              p - +3 ring of protection
MPRegen  0.08/turn              s - +3 ring of protection

@: berserk cooldown, slowed, very slow
A: negative energy resistance 1, electricity resistance, unbreathing,
petrification resistance, rot immunity, AC +8
a: Berserk, Trog's Hand, Brothers in Arms, Burn Spellbooks, Renounce Religion


You were in the Dungeon.
You worshipped Trog.
Trog was extremely pleased with you.
You were very hungry.

You visited 1 branch

Inventory:

Hand Weapons
 b - a +4 hand axe
 n - a +1 hand axe of freezing
 v - a +6 antimagic executioner's axe (weapon)
Armour
 x - a +2 robe of magic resistance (worn)
Jewellery
 p - a +3 ring of protection (left hand)
 s - a +3 ring of protection (right hand)
Scrolls
 i - a scroll of blinking
 k - 2 scrolls of remove curse
 l - a scroll of summoning
Potions
 a - 2 potions of invisibility
 d - 7 potions of curing
 e - 8 potions of heal wounds
 f - a potion of haste
 g - 4 potions of magic
 h - 4 potions of berserk rage
 m - a potion of brilliance
 q - 3 potions of agility
 r - a potion of resistance
Comestibles
 c - 8 rations


   Skills:
 + Level 13.2 Fighting
 + Level 17.1 Axes
 + Level 9.0 Armour
 + Level 8.2 Dodging
 + Level 3.8 Stealth


You had 10 spell levels left.
You didn't know any spells.

Dungeon Overview and Level Annotations

Branches:
Dungeon (1/1)

Altars:
Cheibriados
Dithmenos
Elyvilon
Fedhas
Gozag
Hepliaklqana
Makhleb
Nemelex Xobeh
Okawaru
Qazlal
Ru
Sif Muna
Trog
Vehumet
Wu Jian
Xom
Yredelemnul
Zin
The Shining One
Beogh
Jiyva
Lugonu


Innate Abilities, Weirdness & Mutations

You are resistant to torment.
Your stone body is resilient. (AC +8)
You are immune to poison.
You resist negative energy. (rN+)
You are resistant to electric shocks. (rElec)
You can survive without breathing.
You are immune to petrification.
You are immune to rotting.


Message History

The ten-headed hydra closely misses you.
The ten-headed hydra bites you but does no damage.
The ten-headed hydra bites you!
* * * LOW HITPOINT WARNING * * *
The ten-headed hydra bites you but does no damage.
You barely miss the ten-headed hydra.
The ten-headed hydra is heavily wounded.
Unknown command.
You hack one of the ten-headed hydra's heads off!
The nine-headed hydra grows two more!
You slice the 11-headed hydra!!
The 11-headed hydra is severely wounded.
You are no longer berserk.
You are exhausted.
You feel yourself slow down. The 11-headed hydra misses you.
The 11-headed hydra bites you!
* * * LOW HITPOINT WARNING * * *
The 11-headed hydra bites you but does no damage.
The 11-headed hydra barely misses you. The 11-headed hydra closely misses you.
The 11-headed hydra bites you.
You die...

.....÷...[[.#.......#
##[..#####'##÷÷.....##
#.)......().)).......
#.......(##+##.......
#.#####..# #..###+#
#.'...#).# #..#
..#...'..##+##..+
...#...#.........####+#.
...#...#........@D4.....
...#+# #...####+##W.....
.......# ..... ........+
.... ######### ###


You could see a 11-headed hydra, a flayed ghost and a chaos spawn.

Vanquished Creatures
  2 death yaks (D)
  A sea snake (D)
  A wolf spider (D)
  A smoke demon (D)
  A hellwing (D)
  A yaktaur (D)
  A jumping spider (D)
  A guardian mummy (D)
  A blink frog (D)
  A ynoxinul (D)
  A tarantella (D)
  Menkaure (D)
  A floating eye (D)
  An ice beast (D)
  2 sky beasts (D)
  A necrophage (D)
  7 wights (D)
  A worker ant (D)
  Ijyb (D)
  A mummy (D)
  2 adders (D)
  A river rat (D)
  A white imp (D)
  2 leopard geckos (D)
  4 orcs (D)
  A ball python (D)
  A bat zombie (D)
  A giant cockroach (D)
  A jackal (D)
  A bat (D)
  2 frilled lizards (D)
  A kobold (D)
  A leopard gecko zombie (D)
  A quokka zombie (D)
48 creatures vanquished.

Vanquished Creatures (collateral kills)
  A death yak (D)
  A two-headed ogre (D)
  A flayed ghost (D)
  A lindwurm (D)
  A freezing wraith (D)
  3 blink frogs (D)
  2 jackals (D)
10 creatures vanquished.

Grand Total: 58 creatures vanquished

Notes
Turn   | Place    | Note
-------+----------+-------------------------------------------
     0 | D        | Fang the Gargoyle Berserker began the quest for the Orb.
     0 | D        | Reached XP level 1. HP: 14/14 MP: 1/1
    22 | D        | Found a bloodstained altar of Trog.
    22 | D        | Found a deep blue altar of Sif Muna.
    22 | D        | Found a viscous altar of Jiyva.
    22 | D        | Found a hazy altar of Hepliaklqana.
    22 | D        | Found an opulent altar of Gozag.
    23 | D        | Found a glowing golden altar of the Shining One.
    23 | D        | Found a glowing silver altar of Zin.
    23 | D        | Found a basalt altar of Yredelemnul.
    23 | D        | Found a shimmering altar of Xom.
    23 | D        | Found an ornate altar of the Wu Jian Council.
    23 | D        | Found a sacrificial altar of Ru.
    23 | D        | Found a stormy altar of Qazlal.
    23 | D        | Found an iron altar of Okawaru.
    23 | D        | Found a sparkling altar of Nemelex Xobeh.
    23 | D        | Found a burning altar of Makhleb.
    23 | D        | Found a blossoming altar of Fedhas.
    23 | D        | Found a white marble altar of Elyvilon.
    23 | D        | Found a shadowy altar of Dithmenos.
    23 | D        | Found a snail-covered altar of Cheibriados.
    25 | D        | Found a radiant altar of Vehumet.
    25 | D        | Found a corrupted altar of Lugonu.
    25 | D        | Found a roughly hewn altar of Beogh.
    68 | D        | Reached skill level 3 in Axes
    98 | D        | Reached ** piety under Trog
   200 | D        | Noticed an ice beast
   203 | D        | Reached *** piety under Trog
   203 | D        | Reached XP level 2. HP: 20/20 MP: 2/2
   206 | D        | Killed an ice beast
   206 | D        | Reached skill level 6 in Axes
   206 | D        | Reached XP level 3. HP: 28/28 MP: 3/3
   206 | D        | Reached XP level 4. HP: 32/32 MP: 4/4
   296 | D        | Noticed a floating eye
   296 | D        | Noticed a sky beast
   296 | D        | Noticed Menkaure
   299 | D        | Killed a floating eye
   299 | D        | Reached **** piety under Trog
   299 | D        | Reached skill level 7 in Axes
   299 | D        | Reached XP level 5. HP: 39/39 MP: 5/5
   304 | D        | Reached ***** piety under Trog
   306 | D        | Killed a sky beast
   306 | D        | Reached skill level 8 in Axes
   306 | D        | Reached skill level 1 in Stealth
   306 | D        | Reached XP level 6. HP: 45/45 MP: 6/6
   308 | D        | Killed Menkaure
   308 | D        | Received a gift from Trog
   308 | D        | Reached skill level 9 in Axes
   308 | D        | Reached XP level 7. HP: 39/51 MP: 7/7
   461 | D        | Noticed a hellwing
   467 | D        | Killed a hellwing
   467 | D        | Reached skill level 10 in Axes
   467 | D        | Reached skill level 5 in Armour
   467 | D        | Reached skill level 5 in Dodging
   495 | D        | Reached skill level 10 in Fighting
   616 | D        | Noticed a wolf spider
   616 | D        | Noticed a smoke demon
   621 | D        | Killed a wolf spider
   621 | D        | Reached skill level 12 in Axes
   621 | D        | Reached XP level 8. HP: 58/58 MP: 2/8
   622 | D        | Killed a smoke demon
   622 | D        | Received a gift from Trog
   824 | D        | Noticed a ynoxinul
   824 | D        | Noticed a death yak
   832 | D        | Killed a ynoxinul
   832 | D        | Reached skill level 13 in Axes
   832 | D        | Reached XP level 9. HP: 63/63 MP: 3/9
   837 | D        | Killed a death yak
   837 | D        | Reached skill level 14 in Axes
   910 | D        | Noticed a death yak
   911 | D        | Noticed a flayed ghost
   911 | D        | Noticed a freezing wraith
   916 | D        | Killed a flayed ghost
   917 | D        | Killed a death yak
   917 | D        | Received a gift from Trog
   917 | D        | Reached skill level 15 in Axes
   917 | D        | Reached XP level 10. HP: 71/71 MP: 3/10
  1031 | D        | Noticed a sea snake
  1036 | D        | Received a gift from Trog
  1040 | D        | Killed a sea snake
  1040 | D        | Reached skill level 16 in Axes
  1043 | D        | Reached ****** piety under Trog
  1059 | D        | Received a gift from Trog
  1078 | D        | Noticed a two-headed ogre
  1080 | D        | Noticed a lindwurm
  1090 | D        | Killed a two-headed ogre
  1092 | D        | Killed a lindwurm
  1398 | D        | Noticed Ijyb
  1403 | D        | Noticed a death yak
  1405 | D        | Noticed a seven-headed hydra
  1405 | D        | Killed Ijyb
  1406 | D        | Noticed a flayed ghost
  1417 | D        | Killed a death yak
  1417 | D        | Reached skill level 17 in Axes
  1417 | D        | Reached XP level 11. HP: 43/78 MP: 3/11
  1423 | D        | HP: 3/78 [11-headed hydra (10)]
  1423 | D        | Slain by an 11-headed hydra

Skill      XL: |  1  2  3  4  5  6  7  8  9 10 |
---------------+-------------------------------+-----
Axes           | 3 6 7 8 9 12 13 15 17 | 17.1
Fighting       | 4 6 7 8 9 10 11 13 | 13.2
Dodging        | 2 3 4 6 7 8 |  8.2
Armour         | 3 4 5 6 9 |  9.0
Stealth        | 1 2 3 |  3.8

Action                   |  1- 3 |  4- 6 |  7- 9 | 10-12 || total
-------------------------+-------+-------+-------+-------++-------
Melee: Hand axe          |    20 |    11 |       |    39 ||    70
       Battleaxe         |       |       |    57 |     4 ||    61
       Executioner's axe |       |       |       |    21 ||    21
Invok: Berserk           |     1 |     1 |     4 |     2 ||     8
       Brothers in Arms  |       |       |     2 |     2 ||     4
  Use: Potion            |       |       |       |     2 ||     2
       Scroll            |       |       |       |     1 ||     1
  Eat: Chunk             |       |       |     3 |     3 ||     6
       Ration            |       |       |     1 |       ||     1
Armor: Animal skin       |     6 |     3 |    13 |       ||    22
       Chain mail        |       |       |    10 |    32 ||    42
       Robe              |       |       |       |    15 ||    15
Dodge: Dodged            |    21 |     3 |    47 |    42 ||   113
